 Dungeon Crawl Stone Soup version 0.17.0-25-gefc9c12 (webtiles) character file.

3512 graki42 the Nimble (level 10, -3/66 HPs)
             Began as a Halfling Berserker on Nov 18, 2015.
             Was an Elder of Trog.
             Splashed by a jelly's acid (8 damage)
             ... while paralysed
             ... on level 8 of the Dungeon.
             The game lasted 00:27:42 (7045 turns).

graki42 the Nimble (Halfling Berserker)             Turns: 7045, Time: 00:27:42

Health: -3/66      AC:  0    Str: 17    XL:     10   Next: 28%
Magic:  10/10      EV:  3    Int:  6    God:    Trog [****..]
Gold:   512        SH:  0    Dex: 21    Spells: 0 memorised, 9 levels left

rFire  + . .     SeeInvis .     n - +0 dagger (venom)
rCold  + + .     Clarity  .     v - +1 ring mail of Kickoamy {rElec rC+ Dex+3}
rNeg   . . .     SustAt   .     (shield restricted)
rPois  .         Gourm    .     (no helmet)
rElec  +         Spirit   .     I - +1 cloak "Covic" {rF+ MR+ Regen+}
rCorr  .         Warding  .     j - +0 pair of gloves (curse)
rMut   .         Stasis   .     B - +0 pair of boots
MR     +....                    (no amulet)
Stlth  ++........               s - ring of protection from fire
                                i - ring of ice

@: paralysed, exhausted, corroded equipment, slowed, somewhat resistant to
hostile enchantments, unstealthy
A: mutation resistance 1
a: Berserk, Trog's Hand, Brothers in Arms, Burn Spellbooks, Renounce Religion


You were on level 8 of the Dungeon.
You worshipped Trog.
Trog was greatly pleased with you.
You were near starving.

You visited 1 branch of the dungeon, and saw 8 of its levels.

You collected 512 gold pieces.

Inventory:

Hand Weapons
 n - a +0 dagger of venom (weapon)
 x - a +2 short sword of speed
 F - the +4 hand axe "Digoickack" {holy, Str+4}
   (You found it on level 5 of the Dungeon)

   It has been blessed by the Shining One to cause great damage to the undead
   and demons.
   It affects your strength (+4).
Missiles
 b - 39 poisoned needles
 O - 8 poisoned tomahawks (quivered)
Armour
 j - a cursed +0 pair of gloves (worn)
 v - the +1 ring mail of Kickoamy (worn) {rElec rC+ Dex+3}
   (You found it on level 4 of the Dungeon)

   It affects your dexterity (+3).
   It protects you from cold.
   It insulates you from electricity.
 B - a +0 pair of boots (worn)
 C - a +0 buckler
 I - the +1 cloak "Covic" (worn) {rF+ MR+ Regen+}
   (You found it on level 6 of the Dungeon)

   It protects you from fire.
   It affects your resistance to hostile enchantments.
   It increases your rate of regeneration.
 P - a +1 robe of the Archmagi
Magical Staves
 N - an uncursed staff of poison
Jewellery
 i - a ring of ice (left hand)
 s - a ring of protection from fire (right hand)
Wands
 J - a wand of flame (34)
 K - a wand of slowing (18)
Scrolls
 g - 5 scrolls of teleportation {unknown}
 k - 2 scrolls of random uselessness {unknown}
 l - 2 scrolls of amnesia {unknown}
 m - 9 scrolls of identify {unknown}
 r - 6 scrolls of remove curse {unknown}
 t - 2 scrolls of recharging {unknown}
 u - a scroll of fear {unknown}
 y - a scroll of enchant weapon {unknown}
 D - 2 scrolls of fog {unknown}
 H - a scroll of noise {unknown}
Potions
 a - a potion of brilliance {unknown}
 d - 3 potions of curing {unknown}
 e - 3 potions of haste {unknown}
 f - 2 potions of agility {unknown}
 h - 2 potions of lignification {unknown}
 q - a potion of might {unknown}
 A - a potion of magic {unknown}
 E - a potion of poison {unknown}
 G - a potion of beneficial mutation {unknown}
 Q - a potion of invisibility {unknown}
Books
 L - a book of Enchantments

   Spells                             Type                      Level
   a - Cause Fear                     Hexes                        4
   b - Silence                        Hexes/Air                    5
   c - Deflect Missiles               Charms/Air                   6
   d - Haste                          Charms                       6
   e - Discord                        Hexes                        8
   Trog disapproves of the use of such an item.
 M - a book of Battle

   Spells                             Type                      Level
   a - Infusion                       Charms                       1
   b - Shroud of Golubria             Charms/Translocation         2
   c - Song of Slaying                Charms                       2
   d - Spectral Weapon                Hexes/Charms                 3
   e - Regeneration                   Charms/Necromancy            3
   Trog disapproves of the use of such an item.
Comestibles
 c - 6 bread rations
 o - 4 beef jerkies
 p - 2 fruits
 w - a slice of pizza
 z - 3 meat rations


   Skills:
 + Level 5.4 Fighting
 + Level 10.1 Short Blades
 + Level 6.4 Armour
 + Level 10.4 Dodging
 - Level 1.0 Stealth


You had 9 spell levels left.
You didn't know any spells.

Dungeon Overview and Level Annotations

Branches:
Dungeon (8/15)             Temple (0/1) D:4
   Lair: D:8-11

Altars:
Gozag

Shops:
D:4 ?   D:8 !(

Annotations:
D:8 exclusion: oklob plant


Innate Abilities, Weirdness & Mutations

You are small and have problems with some larger weapons.
You are somewhat resistant to further mutation.


Message History

The jelly is severely wounded.
You puncture the jelly!
You kill the jelly!
Trog accepts your kill.
You feel a strong urge to attack something.
You are no longer berserk.
You pass out from exhaustion.
You feel yourself slow down.
You are near starving!
The ooze quivers.
The jelly hits you.
You are splashed with acid!
The acid burns!
* * * LOW HITPOINT WARNING * * *
The jelly hits you.
* * * LOW HITPOINT WARNING * * *
You are splashed with acid!
The acid burns!
* * * LOW HITPOINT WARNING * * *
The jelly hits you.
* * * LOW HITPOINT WARNING * * *
You are splashed with acid!
The acid burns!
You die... #JPJJJ# #JJPJP# PP.JP #JJP# .PJ

#J# #.# #########
#.######.......##
#JJJ@...........#
#######.........#
#.........##
##.........##
######..##..#
#.....)..##.#
#......รท.##.###
#........##...#
#........####..


You could see 2 jellies and an ooze.

Vanquished Creatures
  A two-headed ogre (D:8)
  Eustachio (D:5)
  An orc warrior (D:7)
  Duvessa (D:6)
  4 ice beasts
  A centaur (D:8)
  8 ogres
  Blork the orc (D:6)
  2 giant frogs (D:8)
  Dowan (D:6)
  5 scorpions
  7 wights
  4 killer bees (D:8)
  A crimson imp (D:5)
  A centaur zombie (D:7)
  4 jellies (D:8)
  3 hounds
  A quasit (D:8)
  A centaur skeleton (D:5)
  An iguana (D:6)
  2 giant frog skeletons
  5 orc wizards
  5 worker ants
  A worker ant zombie (D:5)
  12 adders
  3 gnolls (D:5)
  2 shadow imps
  An ooze (D:5)
  2 worms (D:2)
  An adder skeleton (D:5)
  5 giant geckos
  17 orcs
  4 giant cockroaches
  7 goblins
  7 hobgoblins
  10 kobolds
  3 ball pythons
  A ball python zombie (D:5)
  7 bats
  A giant gecko skeleton (D:4)
  5 giant newts
  8 jackals
  2 jackal skeletons
  4 quokkas
  2 quokka zombies
  5 rats
171 creatures vanquished.

Vanquished Creatures (others)
  8 fungi (D:8)
8 creatures vanquished.

Grand Total: 179 creatures vanquished

Notes
Turn   | Place    | Note
--------------------------------------------------------------
     0 | D:1      | graki42 the Halfling Berserker began the quest for the Orb.
     0 | D:1      | Reached XP level 1. HP: 15/15 MP: 1/1
   378 | D:1      | Reached XP level 2. HP: 20/20 MP: 2/2
   892 | D:2      | Reached XP level 3. HP: 24/25 MP: 3/3
  1248 | D:2      | Reached ** piety under Trog
  1578 | D:2      | Reached XP level 4. HP: 31/31 MP: 4/4
  1820 | D:3      | Reached skill level 5 in Short Blades
  1820 | D:3      | Reached skill level 1 in Stealth
  2090 | D:3      | Reached XP level 5. HP: 34/36 MP: 5/5
  2471 | D:3      | Reached XP level 6. HP: 42/42 MP: 6/6
  2600 | D:3      | Reached *** piety under Trog
  2749 | D:4      | Got an ichor-stained ring mail
  2760 | D:4      | Identified the +1 ring mail of Kickoamy {rElec rC+ Dex+3} (You found it on level 4 of the Dungeon)
  2783 | D:4      | Reached skill level 5 in Dodging
  3169 | D:4      | Reached XP level 7. HP: 47/47 MP: 7/7
  3282 | D:4      | Found Eroyriph's Magic Scroll Shoppe.
  3352 | D:4      | Reached skill level 6 in Short Blades
  3486 | D:4      | Found a staircase to the Ecumenical Temple.
  3746 | D:5      | Entered Level 5 of the Dungeon
  3759 | D:5      | Found an opulent altar of Gozag.
  3783 | D:5      | Reached XP level 8. HP: 54/54 MP: 8/8
  3866 | D:5      | Reached skill level 7 in Dodging
  4108 | D:5      | Noticed Eustachio
  4128 | D:5      | Killed Eustachio
  4633 | D:5      | Got an ancient hand axe
  4634 | D:5      | Identified the +4 hand axe "Digoickack" {holy, Str+4} (You found it on level 5 of the Dungeon)
  4718 | D:5      | Reached skill level 8 in Dodging
  4885 | D:5      | Reached XP level 9. HP: 59/59 MP: 9/9
  5053 | D:6      | Got a brightly glowing cloak
  5064 | D:6      | Identified the +1 cloak "Covic" {rF+ MR+ Regen+} (You found it on level 6 of the Dungeon)
  5208 | D:6      | Reached skill level 5 in Armour
  5509 | D:6      | Noticed Blork the orc
  5518 | D:6      | Killed Blork the orc
  5518 | D:6      | Reached **** piety under Trog
  5569 | D:6      | Noticed Duvessa
  5569 | D:6      | Noticed Dowan
  5580 | D:6      | Killed Duvessa
  5588 | D:6      | Killed Dowan
  5812 | D:7      | Reached skill level 9 in Dodging
  6034 | D:7      | Reached skill level 5 in Fighting
  6568 | D:8      | Found Imosin's Distillery.
  6614 | D:8      | Reached XP level 10. HP: 66/66 MP: 10/10
  6638 | D:8      | Reached skill level 10 in Dodging
  6709 | D:8      | Reached skill level 10 in Short Blades
  6773 | D:8      | Found Lainey's Weapon Shoppe.
  7004 | D:8      | Noticed an oklob plant
  7045 | D:8      | Splashed by a jelly's acid

Action                   |  1- 3 |  4- 6 |  7- 9 | 10-12 || total
-------------------------+-------+-------+-------+-------++-------
Melee: Short sword       |    72 |       |     4 |    31 ||   107
       Dagger            |    45 |   140 |   515 |    76 ||   776
Throw: Tomahawk          |       |       |       |     1 ||     1
Invok: Berserk           |     5 |     4 |    11 |     1 ||    21
 Stab: Sleeping          |     1 |     2 |     1 |       ||     4
       Distracted        |       |     1 |       |       ||     1
  Eat: Chunk             |     3 |     7 |    20 |     2 ||    32
       Meat ration       |     1 |       |       |       ||     1
       Fruit             |       |       |     3 |       ||     3
